Bears vs Wolfpack
Created - May 26, 2024 at 10:01
Goals
|
| Bears |
0 |
3 |
1 |
1 |
5 |
| Wolfpack |
2 |
1 |
1 |
0 |
4 |
|
Shots
|
| Bears |
13 |
12 |
11 |
2 |
38 |
| Wolfpack |
14 |
9 |
7 |
6 |
36 |
|
1st period
1. Wolfpack , Stefan Noesen 8 (David Pope 10, Casey Mittelstadt 7) at 7:32 (PP)
2. Wolfpack , Derrick Pouliot 6 (Sebastian Collberg 11) at 12:20
Penalties :
Adam Lowry (Her) for Tripping (Minor) at 7:27
2nd period
3. Wolfpack , David Pope 3 (Stefan Noesen 8, Steven Santini 10) at 0:44
4. Bears , Christian Dvorak 5 (Kerby Rychel 5) at 5:27
5. Bears , A.J. Jenks 2 (Sam Carrick 7, Nicolas Aube-Kubel 8) at 10:27
6. Bears , Austin Wuthrich 2 (A.J. Jenks 5, Sam Carrick 8) at 12:25
Penalties :
Adam Lowry (Her) for Cross-checking (Minor) at 1:59, A.J. Jenks (Her) for Hooking (Minor) at 6:48, Mikko Vainonen (Her) for Tripping (Minor) at 12:45
3rd period
7. Wolfpack , Stefan Noesen 9 (David Pope 11) at 9:29
8. Bears , Kerby Rychel 5 (Christian Dvorak 3, Nicolas Aube-Kubel 9) at 19:51
Penalties :
A.J. Jenks (Her) for Cross-checking (Minor) at 9:49
Overtime #1
9. Bears , Austin Wuthrich 3 (Sam Carrick 9, Gianluca Curcuruto 7) at 2:47
Penalties :
No Penalty
Goalie Stats
Jake Allen (Her), 32 saves from 36 shots - (0.889), W, 5-5-0, 61:42 minutes
Samuel Ersson (Har), 33 saves from 38 shots - (0.868), OTL, 0-0-2, 62:47 minutes
Players Stats for Bears
Player Name G A P +/- PIM S H SB GA TA FO MP PP MP PK MP
------------------------------------------------------------------------------------
A.J. Jenks 1 1 2 3 4 8 1 0 0 0 1/1 19:27 0:00 2:09
Adam Lowry 0 0 0 -1 4 1 1 0 0 0 1/1 10:02 0:00 1:23
Austin Wuthrich 2 0 2 3 0 4 3 0 0 1 0/0 16:14 0:00 0:00
Christian Dvorak 1 1 2 1 0 2 1 0 0 2 22/44 24:22 0:00 4:22
Colby Cave 0 0 0 -1 0 1 1 0 1 0 1/1 7:19 0:00 0:11
Cole Smith 0 0 0 -1 0 3 0 0 0 0 3/3 11:29 0:00 0:14
Gianluca Curcuruto 0 1 1 1 0 1 4 1 0 3 0/0 28:31 0:00 4:39
Jacob Bryson 0 0 0 0 0 1 0 0 0 1 0/0 12:31 0:00 0:24
Jesper Pettersson 0 0 0 0 0 0 0 0 1 1 0/0 13:26 0:00 1:29
Kerby Rychel 1 1 2 1 0 6 3 2 3 0 3/3 22:52 0:00 2:49
Mikko Vainonen 0 0 0 1 2 1 1 2 0 1 0/0 27:32 0:00 3:31
Nicholas Caamano 0 0 0 -1 0 0 1 0 0 0 0/0 10:07 0:00 0:00
Nicolas Aube-Kubel 0 2 2 1 0 1 2 0 2 0 1/1 21:16 0:00 1:20
Nikolay Prokhorkin 0 0 0 -1 0 2 0 0 0 0 0/0 9:22 0:00 2:14
Ryan Graves 0 0 0 1 0 0 0 1 0 0 0/0 21:58 0:00 3:01
Sam Carrick 0 3 3 3 0 4 0 0 1 0 6/14 17:36 0:00 1:20
Tommy Vannelli 0 0 0 1 0 2 0 1 0 1 0/0 21:45 0:00 2:58
Vincent Dunn 0 0 0 -1 0 1 2 2 1 0 4/8 10:00 0:00 0:00
Players Stats for Wolfpack
Player Name G A P +/- PIM S H SB GA TA FO MP PP MP PK MP
------------------------------------------------------------------------------------
Alexander Barabanov 0 0 0 1 0 3 2 0 0 0 1/2 16:59 2:48 0:00
Casey Mittelstadt 0 1 1 -1 0 2 3 0 0 0 20/43 24:49 5:06 0:00
Colton White 0 0 0 -1 0 1 1 1 0 0 0/0 19:49 2:36 0:00
Connor Chatam 0 0 0 -1 0 2 1 1 1 0 0/0 12:42 0:06 0:00
David Pope 1 2 3 -1 0 5 0 0 1 1 2/2 25:05 5:13 0:00
Derrick Pouliot 1 0 1 1 0 1 1 3 1 1 0/0 29:41 5:25 0:00
Dryden Hunt 0 0 0 -1 0 1 1 0 1 0 0/0 12:27 0:00 0:00
Joshua Jacobs 0 0 0 -2 0 0 2 0 0 0 0/0 13:17 0:00 0:00
K'Andre Miller 0 0 0 -2 0 2 0 1 0 2 0/0 13:17 0:00 0:00
Mikhail Vorobyev 0 0 0 -1 0 0 0 0 0 0 6/8 12:27 0:00 0:00
Nolan Patrick 0 0 0 1 0 2 0 1 0 1 5/15 16:59 2:48 0:00
Owen Tippet 0 0 0 -1 0 2 1 1 1 0 0/0 8:16 0:00 0:00
Ryan Culkin 0 0 0 -1 0 0 0 0 0 0 0/0 19:49 2:36 0:00
Ryan Poehling 0 0 0 -1 0 0 0 0 0 1 0/5 8:32 0:07 0:00
Sebastian Collberg 0 1 1 1 0 3 0 1 2 0 0/0 16:59 2:48 0:00
Stefan Noesen 2 1 3 -1 0 11 1 0 3 1 0/0 24:50 5:07 0:00
Steven Santini 0 1 1 1 0 1 2 4 0 2 0/0 29:41 5:25 0:00
Yegor Korshkov 0 0 0 -1 0 0 0 0 0 0 0/1 8:16 0:00 0:00
3 Stars
1 - Austin Wuthrich (Her)
2 - Sam Carrick (Her)
3 - Kerby Rychel (Her)
Power Play
Bears - 0 on 0 Attempt(s) - 0.00%
Wolfpack - 1 on 5 Attempt(s) - 20.00%
Penalty Kill
Bears - 4 on 5 Attempt(s) - 80.00%
- Score 0 goal in Penalty Kill
Wolfpack - 0 on 0 Attempt(s) - 0.00%
- Score 0 goal in Penalty Kill
Team Stat
Bears - Hits : 20 - Faceoff Wins : 42 - Blocked Shots : 9 - Penalty Minutes : 10
Wolfpack - Hits : 15 - Faceoff Wins : 34 - Blocked Shots : 13 - Penalty Minutes : 0
Official
Referees : Ghislain Hebert and Furman South
Linesman : Kyle Flemington and Devin Berg
Game Notes
No Game Note
Finance
Level 1 -- Attendance: 2000 (100.00%) -- Ticket Income $140,000
Level 2 -- Attendance: 1000 (100.00%) -- Ticket Income $40,000
Total Attendance: 3000 (100.00%)
Total Ticket Income: $180,000
Other Income: $9,000
Total Income: $189,000
Bears
5 vs 5 Forward
Center Left Wing Right Wing Time % Phy DF OF
1 Christian Dvorak Kerby Rychel Nicolas Aube-Kubel 40 0 1 4
2 Sam Carrick A.J. Jenks Austin Wuthrich 35 0 1 4
3 Vincent Dunn Cole Smith Nicholas Caamano 15 0 2 3
4 Adam Lowry Nikolay Prokhorkin Colby Cave 10 0 3 2
5 vs 5 Defense
Defense Defense Time % Phy DF OF
1 Mikko Vainonen Gianluca Curcuruto 40 0 3 2
2 Ryan Graves Tommy Vannelli 35 0 4 1
3 Jacob Bryson Jesper Pettersson 15 0 1 4
4 Mikko Vainonen Gianluca Curcuruto 10 0 4 1
PowerPlay Forward
Center Left Wing Right Wing Time % Phy DF OF
1 Christian Dvorak Kerby Rychel Nicolas Aube-Kubel 60 0 1 4
2 Sam Carrick A.J. Jenks Austin Wuthrich 40 0 1 4
PowerPlay Defense
Defense Defense Time % Phy DF OF
1 Mikko Vainonen Gianluca Curcuruto 60 0 2 3
2 Jacob Bryson Tommy Vannelli 40 0 2 3
Penalty Kill 4 Players Forward
Center Wing Time % Phy DF OF
1 Christian Dvorak A.J. Jenks 60 0 3 2
2 Sam Carrick Nicolas Aube-Kubel 40 0 3 2
Penalty Kill 4 Players Defense
Defense Defense Time % Phy DF OF
1 Mikko Vainonen Gianluca Curcuruto 60 0 4 1
2 Ryan Graves Tommy Vannelli 40 0 4 1
Penalty Kill - 3 Players Forward
Forward Time % Phy DF OF
1 Christian Dvorak 60 0 4 1
2 Sam Carrick 40 0 4 1
Penalty Kill - 3 Players Defense
Defense Defense Time % Phy DF OF
1 Mikko Vainonen Gianluca Curcuruto 60 0 5 0
2 Ryan Graves Tommy Vannelli 40 0 5 0
4 vs 4 Forward
Center Wing Time % Phy DF OF
1 Christian Dvorak Nicolas Aube-Kubel 60 0 1 4
2 Sam Carrick Kerby Rychel 40 0 1 4
4 vs 4 Defense
Defense Defense Time % Phy DF OF
1 Mikko Vainonen Gianluca Curcuruto 60 0 2 3
2 Ryan Graves Tommy Vannelli 40 0 2 3
Last Minutes Offensive
Center Left Wing Right Wing Defense Defense
Christian Dvorak Kerby Rychel Nicolas Aube-Kubel Mikko Vainonen Gianluca Curcuruto
Last Minutes Defensive
Center Left Wing Right Wing Defense Defense
Christian Dvorak Kerby Rychel Nicolas Aube-Kubel Mikko Vainonen Gianluca Curcuruto
Goaltenders
Starting : Jake Allen
Backup : Artyom Zagidulin
Extra Forwards
Normal : Kerby Rychel, Nicolas Aube-Kubel, Christian Dvorak - PP : Kerby Rychel, Nicolas Aube-Kubel - PK : Kerby Rychel
Extra Defensemen
Normal : Mikko Vainonen, Gianluca Curcuruto, Tommy Vannelli - PP : Mikko Vainonen - PK : Mikko Vainonen, Gianluca Curcuruto
Penalty Shots
Kerby Rychel, Nicolas Aube-Kubel, Christian Dvorak, A.J. Jenks, Sam Carrick
Custom OT Lines Forwards
Kerby Rychel, Nicolas Aube-Kubel, Christian Dvorak, A.J. Jenks, Sam Carrick, Ryan Graves, Austin Wuthrich, Nikolay Prokhorkin, Vincent Dunn, Adam Lowry
Custom OT Lines Defensemen
Mikko Vainonen, Gianluca Curcuruto, Tommy Vannelli, Ryan Graves, Jacob Bryson
Scratches
Blake Speers (Healthy), Emil Johansson (Healthy), Joshua Leivo (Broken Left Foot Toe Injury), David Farrance (Healthy), Mackenze Stewart (Healthy)
Zack Hayes (Healthy), Mario Ferraro (Healthy), Michael Prapavessis (Healthy), Will Reilly (Healthy), Kristians Rubins (Healthy)
Isaac Ratcliffe (Healthy), Jakob Stenqvist (Healthy), Arvid Henrikson (Healthy), Kirill Maksimov (Healthy)
Wolfpack
5 vs 5 Forward
Center Left Wing Right Wing Time % Phy DF OF
1 Casey Mittelstadt David Pope Stefan Noesen 40 1 2 2
2 Nolan Patrick Alexander Barabanov Sebastian Collberg 30 1 2 2
3 Mikhail Vorobyev Dryden Hunt Connor Chatam 20 1 2 2
4 Ryan Poehling Yegor Korshkov Owen Tippet 10 1 2 2
5 vs 5 Defense
Defense Defense Time % Phy DF OF
1 Derrick Pouliot Steven Santini 40 1 2 2
2 Ryan Culkin Colton White 30 1 2 2
3 K'Andre Miller Joshua Jacobs 20 1 2 2
4 Derrick Pouliot Steven Santini 10 1 2 2
PowerPlay Forward
Center Left Wing Right Wing Time % Phy DF OF
1 Casey Mittelstadt David Pope Stefan Noesen 60 1 2 2
2 Nolan Patrick Alexander Barabanov Sebastian Collberg 40 1 2 2
PowerPlay Defense
Defense Defense Time % Phy DF OF
1 Derrick Pouliot Steven Santini 60 1 2 2
2 Ryan Culkin Colton White 40 1 2 2
Penalty Kill 4 Players Forward
Center Wing Time % Phy DF OF
1 Casey Mittelstadt David Pope 60 1 2 2
2 Nolan Patrick Alexander Barabanov 40 1 2 2
Penalty Kill 4 Players Defense
Defense Defense Time % Phy DF OF
1 Derrick Pouliot Steven Santini 60 1 2 2
2 Ryan Culkin Colton White 40 1 2 2
Penalty Kill - 3 Players Forward
Forward Time % Phy DF OF
1 Casey Mittelstadt 60 1 2 2
2 Nolan Patrick 40 1 2 2
Penalty Kill - 3 Players Defense
Defense Defense Time % Phy DF OF
1 Derrick Pouliot Steven Santini 60 1 2 2
2 Ryan Culkin Colton White 40 1 2 2
4 vs 4 Forward
Center Wing Time % Phy DF OF
1 Casey Mittelstadt David Pope 60 1 2 2
2 Nolan Patrick Alexander Barabanov 40 1 2 2
4 vs 4 Defense
Defense Defense Time % Phy DF OF
1 Derrick Pouliot Steven Santini 60 1 2 2
2 Ryan Culkin Colton White 40 1 2 2
Last Minutes Offensive
Center Left Wing Right Wing Defense Defense
Casey Mittelstadt David Pope Stefan Noesen Derrick Pouliot Steven Santini
Last Minutes Defensive
Center Left Wing Right Wing Defense Defense
Casey Mittelstadt David Pope Stefan Noesen Derrick Pouliot Steven Santini
Goaltenders
Starting : Samuel Ersson
Backup : Jake Paterson
Extra Forwards
Normal : Casey Mittelstadt, Alexander Barabanov, Dryden Hunt - PP : Casey Mittelstadt, Alexander Barabanov - PK : Casey Mittelstadt
Extra Defensemen
Normal : Colton White, K'Andre Miller, Joshua Jacobs - PP : Colton White - PK : Colton White, K'Andre Miller
Penalty Shots
Stefan Noesen, David Pope, Sebastian Collberg, Connor Chatam, Casey Mittelstadt
Custom OT Lines Forwards
Stefan Noesen, David Pope, Sebastian Collberg, Connor Chatam, Casey Mittelstadt, Alexander Barabanov, Dryden Hunt, Nolan Patrick, Owen Tippet, Yegor Korshkov
Custom OT Lines Defensemen
Derrick Pouliot, Steven Santini, Ryan Culkin, Colton White, K'Andre Miller
Scratches
Mason Shaw (Healthy), Samuel Houde (Healthy), Jake Marchment (Torn Left ACL Injury), Dylan Samberg (Healthy), Cale Fleury (Healthy)
Will Borgen (Healthy), Alex Barre-Boulet (Right Ankle Injury), Andrew Peeke (Healthy), Dante Fabbro (Healthy), Jeffrey Viel (Healthy)
Linus Sandin (Healthy), Alexander Volkov (Healthy), Jack Drury (Healthy), Jakub Lauko (Healthy), Martin Kaut (Healthy)
Mathias Laferriere (Healthy), Eric Comrie (Healthy)
% Time on Ice - Bears
Lines # - Real PCT - Wanted PCT - Time Play
Normal Forward
1 - 37% - 40% - 20:09
2 - 31% - 35% - 16:31
3 - 19% - 15% - 10:00
4 - 13% - 10% - 7:08
Normal Defense
1 - 40% - 40% - 21:18
2 - 35% - 35% - 18:47
3 - 21% - 15% - 11:26
4 - 4% - 10% - 2:17
PP Forward
1 - 0% - 60%
2 - 0% - 40%
PP Defense
1 - 0% - 60%
2 - 0% - 40%
PK Forward
1 - 83% - 60% - 6:41
2 - 17% - 40% - 1:20
PK Defense
1 - 63% - 60% - 5:03
2 - 37% - 40% - 2:58
PK3 Forward
1 - 0% - 60%
2 - 0% - 40%
PK3 Defense
1 - 0% - 60%
2 - 0% - 40%
44 Forward
1 - 0% - 60%
2 - 0% - 40%
44 Defense
1 - 0% - 60%
2 - 0% - 40%
Last Minute Offensive - 0:58
Last Minute Defensive - 0:00
Total
Forward - 62:47
Defense - 62:47
|
% Time on Ice - Wolfpack
Lines # - Real PCT - Wanted PCT - Time Play
Normal Forward
1 - 35% - 40% - 18:57
2 - 26% - 30% - 14:11
3 - 23% - 20% - 12:27
4 - 15% - 10% - 8:16
Normal Defense
1 - 39% - 40% - 21:04
2 - 32% - 30% - 17:13
3 - 25% - 20% - 13:17
4 - 4% - 10% - 2:17
PP Forward
1 - 65% - 60% - 5:13
2 - 35% - 40% - 2:48
PP Defense
1 - 68% - 60% - 5:25
2 - 32% - 40% - 2:36
PK Forward
1 - 0% - 60%
2 - 0% - 40%
PK Defense
1 - 0% - 60%
2 - 0% - 40%
PK3 Forward
1 - 0% - 60%
2 - 0% - 40%
PK3 Defense
1 - 0% - 60%
2 - 0% - 40%
44 Forward
1 - 0% - 60%
2 - 0% - 40%
44 Defense
1 - 0% - 60%
2 - 0% - 40%
Last Minute Offensive - 0:00
Last Minute Defensive - 0:55
Total
Forward - 62:47
Defense - 62:47
|
Play-by-Play
1st period
0:01 of 1st period - Christian Dvorak wins face-off versus Casey Mittelstadt in neutral zone.
0:13 of 1st period - Snap shot by David Pope.
0:13 of 1st period - Shot Blocked by Kerby Rychel.
0:48 of 1st period - Sebastian Collberg is hit by Gianluca Curcuruto and loses puck.
0:53 of 1st period - Wrist shot by A.J. Jenks.
0:53 of 1st period - Stopped by Samuel Ersson with a rebound.
0:55 of 1st period - Backhand shot by Gianluca Curcuruto.
0:55 of 1st period - Stopped by Samuel Ersson with a rebound.
0:57 of 1st period - Slapshot by Mikko Vainonen.
0:57 of 1st period - Shot Misses the Net.
0:59 of 1st period - Slapshot by Mikko Vainonen.
0:59 of 1st period - Shot Blocked by Nolan Patrick.
1:05 of 1st period - Slapshot by A.J. Jenks.
1:05 of 1st period - Stopped by Samuel Ersson with a rebound.
1:07 of 1st period - Slapshot by Mikko Vainonen.
1:07 of 1st period - Shot Blocked by Sebastian Collberg.
1:09 of 1st period - Wrist shot by A.J. Jenks.
1:09 of 1st period - Shot Misses the Net.
1:11 of 1st period - Snap shot by Austin Wuthrich.
1:11 of 1st period - Shot Misses the Net.
1:13 of 1st period - Snap shot by Sam Carrick.
1:13 of 1st period - Stopped by Samuel Ersson without a rebound.
1:14 of 1st period - Mikhail Vorobyev wins face-off versus Vincent Dunn in Wolfpack zone.
1:39 of 1st period - Tommy Vannelli is hit by Joshua Jacobs and loses puck.
1:52 of 1st period - Slapshot by Stefan Noesen.
1:52 of 1st period - Stopped by Jake Allen without a rebound.
1:53 of 1st period - Colby Cave wins face-off versus Ryan Poehling in Bears zone.
2:18 of 1st period - Stefan Noesen is hit by Kerby Rychel and loses puck.
2:22 of 1st period - Icing by Steven Santini.
2:23 of 1st period - Casey Mittelstadt wins face-off versus Christian Dvorak in Wolfpack zone.
2:32 of 1st period - Snap shot by David Pope.
2:32 of 1st period - Shot Misses the Net.
2:34 of 1st period - Slapshot by K'Andre Miller.
2:34 of 1st period - Deflect By Nicolas Aube-Kubel.
2:34 of 1st period - Stopped by Jake Allen with a rebound.
2:36 of 1st period - Slapshot by K'Andre Miller.
2:36 of 1st period - Stopped by Jake Allen with a rebound.
2:38 of 1st period - Snap shot by Stefan Noesen.
2:38 of 1st period - Shot Misses the Net.
2:46 of 1st period - Snap shot by David Pope.
2:46 of 1st period - Deflect By Stefan Noesen.
2:46 of 1st period - Stopped by Jake Allen without a rebound.
2:47 of 1st period - Vincent Dunn wins face-off versus Mikhail Vorobyev in Bears zone.
2:47 of 1st period - Vincent Dunn is hit by Connor Chatam.
2:59 of 1st period - Wrist shot by Vincent Dunn.
2:59 of 1st period - Shot Blocked by Steven Santini.
3:20 of 1st period - Snap shot by Alexander Barabanov.
3:20 of 1st period - Stopped by Jake Allen without a rebound.
3:21 of 1st period - Casey Mittelstadt wins face-off versus Sam Carrick in Bears zone.
3:28 of 1st period - Snap shot by Stefan Noesen.
3:28 of 1st period - Stopped by Jake Allen with a rebound.
3:40 of 1st period - Snap shot by A.J. Jenks.
3:40 of 1st period - Deflect By Sam Carrick.
3:40 of 1st period - Deflect By Ryan Culkin.
3:40 of 1st period - Shot Misses the Net.
3:40 of 1st period - Puck is out of play.
3:41 of 1st period - Christian Dvorak wins face-off versus Ryan Poehling in Wolfpack zone.
3:44 of 1st period - Backhand shot by Nicolas Aube-Kubel.
3:44 of 1st period - Shot Misses the Net.
3:46 of 1st period - Snap shot by Christian Dvorak.
3:46 of 1st period - Shot Misses the Net.
3:48 of 1st period - Snap shot by Kerby Rychel.
3:48 of 1st period - Shot Misses the Net.
3:50 of 1st period - Snap shot by Nicolas Aube-Kubel.
3:50 of 1st period - Shot Blocked by Steven Santini.
4:08 of 1st period - Icing by Colby Cave.
4:09 of 1st period - Adam Lowry wins face-off versus Nolan Patrick in Bears zone.
4:42 of 1st period - Wrist shot by Stefan Noesen.
4:42 of 1st period - Stopped by Jake Allen without a rebound.
4:43 of 1st period - Mikhail Vorobyev wins face-off versus Sam Carrick in Bears zone.
4:52 of 1st period - Wrist shot by Connor Chatam.
4:52 of 1st period - Deflect By Dryden Hunt.
4:52 of 1st period - Shot Misses the Net.
4:52 of 1st period - Puck is out of play.
4:53 of 1st period - Mikhail Vorobyev wins face-off versus Sam Carrick in Bears zone.
4:56 of 1st period - Snap shot by Dryden Hunt.
4:56 of 1st period - Stopped by Jake Allen with a rebound.
5:47 of 1st period - Wrist shot by Dryden Hunt.
5:47 of 1st period - Shot Misses the Net.
6:20 of 1st period - Derrick Pouliot is hit by A.J. Jenks and loses puck.
6:29 of 1st period - Wrist shot by A.J. Jenks.
6:29 of 1st period - Stopped by Samuel Ersson with a rebound.
6:31 of 1st period - Wrist shot by Sam Carrick.
6:31 of 1st period - Shot Misses the Net.
6:33 of 1st period - Slapshot by Mikko Vainonen.
6:33 of 1st period - Shot Misses the Net.
6:35 of 1st period - Wrist shot by Gianluca Curcuruto.
6:35 of 1st period - Deflect By Austin Wuthrich.
6:35 of 1st period - Shot Blocked by Derrick Pouliot.
6:35 of 1st period - Puck is out of play.
6:36 of 1st period - Christian Dvorak wins face-off versus Casey Mittelstadt in Wolfpack zone.
7:22 of 1st period - Snap shot by Owen Tippet.
7:22 of 1st period - Shot Misses the Net.
7:27 of 1st period - Minor Penalty to Adam Lowry for Tripping.
7:28 of 1st period - Casey Mittelstadt wins face-off versus Christian Dvorak in Bears zone.
7:32 of 1st period - Wrist shot by Stefan Noesen.
7:32 of 1st period - Goal by Stefan Noesen - Bears : 0 - Wolfpack : 1.
7:33 of 1st period - Casey Mittelstadt wins face-off versus Christian Dvorak in neutral zone.
7:46 of 1st period - Snap shot by Kerby Rychel.
7:46 of 1st period - Shot Misses the Net.
7:48 of 1st period - Slapshot by Mikko Vainonen.
7:48 of 1st period - Stopped by Samuel Ersson without a rebound.
7:49 of 1st period - Vincent Dunn wins face-off versus Nolan Patrick in Wolfpack zone.
8:04 of 1st period - Slapshot by Cole Smith.
8:04 of 1st period - Stopped by Samuel Ersson without a rebound.
8:05 of 1st period - Casey Mittelstadt wins face-off versus Christian Dvorak in Wolfpack zone.
9:18 of 1st period - Snap shot by A.J. Jenks.
9:18 of 1st period - Shot Misses the Net.
9:49 of 1st period - Icing by Gianluca Curcuruto.
9:50 of 1st period - Cole Smith wins face-off versus Nolan Patrick in Bears zone.
9:50 of 1st period - Cole Smith is hit by Alexander Barabanov.
10:55 of 1st period - Off-side.
10:56 of 1st period - Mikhail Vorobyev wins face-off versus Vincent Dunn in neutral zone.
11:32 of 1st period - Backhand shot by David Pope.
11:32 of 1st period - Stopped by Jake Allen with a rebound.
12:18 of 1st period - Snap shot by Sebastian Collberg.
12:18 of 1st period - Shot Blocked by Vincent Dunn.
12:20 of 1st period - Slapshot by Derrick Pouliot.
12:20 of 1st period - Goal by Derrick Pouliot - Bears : 0 - Wolfpack : 2.
12:21 of 1st period - Casey Mittelstadt wins face-off versus Christian Dvorak in neutral zone.
12:24 of 1st period - Christian Dvorak is hit by Stefan Noesen and loses puck.
12:49 of 1st period - Snap shot by Sebastian Collberg.
12:49 of 1st period - Shot Misses the Net.
12:52 of 1st period - Icing by Gianluca Curcuruto.
12:53 of 1st period - Sam Carrick wins face-off versus Alexander Barabanov in Bears zone.
13:00 of 1st period - Steven Santini is hit by Austin Wuthrich and loses puck.
13:11 of 1st period - Backhand shot by A.J. Jenks.
13:11 of 1st period - Stopped by Samuel Ersson with a rebound.
13:13 of 1st period - Wrist shot by Gianluca Curcuruto.
13:13 of 1st period - Shot Misses the Net.
13:15 of 1st period - Slapshot by A.J. Jenks.
13:15 of 1st period - Stopped by Samuel Ersson with a rebound.
13:17 of 1st period - Slapshot by Gianluca Curcuruto.
13:17 of 1st period - Shot Blocked by Derrick Pouliot.
13:19 of 1st period - Snap shot by A.J. Jenks.
13:19 of 1st period - Stopped by Samuel Ersson without a rebound.
13:20 of 1st period - Christian Dvorak wins face-off versus Casey Mittelstadt in Wolfpack zone.
13:35 of 1st period - Wrist shot by Stefan Noesen.
13:35 of 1st period - Shot Misses the Net.
13:52 of 1st period - Slapshot by Colby Cave.
13:52 of 1st period - Stopped by Samuel Ersson without a rebound.
13:53 of 1st period - Sam Carrick wins face-off versus Casey Mittelstadt in Wolfpack zone.
13:56 of 1st period - Snap shot by A.J. Jenks.
13:56 of 1st period - Shot Misses the Net.
14:20 of 1st period - Snap shot by Nolan Patrick.
14:20 of 1st period - Deflect By Alexander Barabanov.
14:20 of 1st period - Stopped by Jake Allen with a rebound.
15:02 of 1st period - Colton White is hit by Austin Wuthrich and loses puck.
15:48 of 1st period - Wrist shot by Nolan Patrick.
15:48 of 1st period - Stopped by Jake Allen with a rebound.
15:53 of 1st period - Icing by Christian Dvorak.
15:54 of 1st period - Kerby Rychel wins face-off versus Nolan Patrick in Bears zone.
15:54 of 1st period - Kerby Rychel is hit by Steven Santini.
17:17 of 1st period - Slapshot by Vincent Dunn.
17:17 of 1st period - Shot Blocked by Connor Chatam.
17:19 of 1st period - Slapshot by Tommy Vannelli.
17:19 of 1st period - Stopped by Samuel Ersson without a rebound.
17:20 of 1st period - Nicolas Aube-Kubel wins face-off versus Casey Mittelstadt in Wolfpack zone.
17:35 of 1st period - Snap shot by Kerby Rychel.
17:35 of 1st period - Shot Misses the Net.
17:50 of 1st period - Wrist shot by Stefan Noesen.
17:50 of 1st period - Stopped by Jake Allen without a rebound.
17:51 of 1st period - Vincent Dunn wins face-off versus Nolan Patrick in Bears zone.
17:51 of 1st period - Vincent Dunn is hit by Colton White.
18:45 of 1st period - Wrist shot by Kerby Rychel.
18:45 of 1st period - Stopped by Samuel Ersson with a rebound.
19:01 of 1st period - Snap shot by Kerby Rychel.
19:01 of 1st period - Shot Blocked by Steven Santini.
19:53 of 1st period - Casey Mittelstadt is hit by Mikko Vainonen and loses puck.
Goals for this period are 0 for Bears vs 2 for Wolfpack.
Shots for this period are 13 for Bears vs 14 for Wolfpack.
2nd period
0:01 of 2nd period - Casey Mittelstadt wins face-off versus Christian Dvorak in neutral zone.
0:14 of 2nd period - Stefan Noesen is hit by Gianluca Curcuruto and loses puck.
0:44 of 2nd period - Snap shot by David Pope.
0:44 of 2nd period - Goal by David Pope - Bears : 0 - Wolfpack : 3.
0:45 of 2nd period - Nolan Patrick wins face-off versus Christian Dvorak in neutral zone.
0:58 of 2nd period - Slapshot by Sebastian Collberg.
0:58 of 2nd period - Shot Misses the Net.
1:00 of 2nd period - Snap shot by Nolan Patrick.
1:00 of 2nd period - Shot Misses the Net.
1:59 of 2nd period - Minor Penalty to Adam Lowry for Cross-checking.
2:00 of 2nd period - Casey Mittelstadt wins face-off versus Christian Dvorak in Bears zone.
2:12 of 2nd period - Slapshot by David Pope.
2:12 of 2nd period - Stopped by Jake Allen without a rebound.
2:13 of 2nd period - Christian Dvorak wins face-off versus Casey Mittelstadt in Bears zone.
2:28 of 2nd period - Wrist shot by Casey Mittelstadt.
2:28 of 2nd period - Stopped by Jake Allen with a rebound.
3:59 of 2nd period - Penalty to Adam Lowry is over, Adam Lowry is back on ice.
4:06 of 2nd period - Wrist shot by Cole Smith.
4:06 of 2nd period - Stopped by Samuel Ersson without a rebound.
4:07 of 2nd period - Mikhail Vorobyev wins face-off versus Vincent Dunn in Wolfpack zone.
4:12 of 2nd period - Vincent Dunn is hit by Dryden Hunt and loses puck.
4:21 of 2nd period - Snap shot by Vincent Dunn.
4:21 of 2nd period - Shot Misses the Net.
4:23 of 2nd period - Wrist shot by Vincent Dunn.
4:23 of 2nd period - Stopped by Samuel Ersson with a rebound.
4:33 of 2nd period - Nikolay Prokhorkin is hit by Owen Tippet.
4:54 of 2nd period - Snap shot by Sam Carrick.
4:54 of 2nd period - Shot Blocked by Owen Tippet.
4:56 of 2nd period - Snap shot by Sam Carrick.
4:56 of 2nd period - Stopped by Samuel Ersson with a rebound.
5:21 of 2nd period - Snap shot by Stefan Noesen.
5:21 of 2nd period - Stopped by Jake Allen without a rebound.
5:22 of 2nd period - Christian Dvorak wins face-off versus Casey Mittelstadt in Bears zone.
5:27 of 2nd period - Wrist shot by Christian Dvorak.
5:27 of 2nd period - Goal by Christian Dvorak - Bears : 1 - Wolfpack : 3.
5:28 of 2nd period - Christian Dvorak wins face-off versus Casey Mittelstadt in neutral zone.
5:40 of 2nd period - Wrist shot by Christian Dvorak.
5:40 of 2nd period - Stopped by Samuel Ersson with a rebound.
5:42 of 2nd period - Snap shot by Kerby Rychel.
5:42 of 2nd period - Shot Misses the Net.
5:44 of 2nd period - Wrist shot by Nicolas Aube-Kubel.
5:44 of 2nd period - Shot Misses the Net.
6:05 of 2nd period - Wrist shot by Sebastian Collberg.
6:05 of 2nd period - Stopped by Jake Allen without a rebound.
6:06 of 2nd period - Christian Dvorak wins face-off versus Casey Mittelstadt in Bears zone.
6:18 of 2nd period - Snap shot by Casey Mittelstadt.
6:18 of 2nd period - Stopped by Jake Allen with a rebound.
6:20 of 2nd period - Slapshot by Colton White.
6:20 of 2nd period - Stopped by Jake Allen with a rebound.
6:22 of 2nd period - Wrist shot by David Pope.
6:22 of 2nd period - Shot Misses the Net.
6:48 of 2nd period - Minor Penalty to A.J. Jenks for Hooking.
6:49 of 2nd period - Christian Dvorak wins face-off versus Casey Mittelstadt in Bears zone.
6:54 of 2nd period - Slapshot by Gianluca Curcuruto.
6:54 of 2nd period - Shot Misses the Net.
6:59 of 2nd period - Icing by Stefan Noesen.
7:00 of 2nd period - Casey Mittelstadt wins face-off versus Christian Dvorak in Wolfpack zone.
8:43 of 2nd period - Snap shot by David Pope.
8:43 of 2nd period - Stopped by Jake Allen without a rebound.
8:44 of 2nd period - Christian Dvorak wins face-off versus Nolan Patrick in Bears zone.
8:48 of 2nd period - Penalty to A.J. Jenks is over, A.J. Jenks is back on ice.
8:51 of 2nd period - Wrist shot by Sebastian Collberg.
8:51 of 2nd period - Deflect By Nolan Patrick.
8:51 of 2nd period - Shot Misses the Net.
8:51 of 2nd period - Puck is out of play.
8:52 of 2nd period - A.J. Jenks wins face-off versus Nolan Patrick in Bears zone.
9:19 of 2nd period - Connor Chatam is hit by Vincent Dunn and loses puck.
9:49 of 2nd period - Icing by Kerby Rychel.
9:50 of 2nd period - Nolan Patrick wins face-off versus Christian Dvorak in Bears zone.
9:59 of 2nd period - Snap shot by Nicolas Aube-Kubel.
9:59 of 2nd period - Shot Blocked by K'Andre Miller.
10:27 of 2nd period - Snap shot by A.J. Jenks.
10:27 of 2nd period - Goal by A.J. Jenks - Bears : 2 - Wolfpack : 3.
10:28 of 2nd period - Casey Mittelstadt wins face-off versus Christian Dvorak in neutral zone.
10:39 of 2nd period - Snap shot by Nicolas Aube-Kubel.
10:39 of 2nd period - Shot Blocked by Steven Santini.
10:41 of 2nd period - Slapshot by Tommy Vannelli.
10:41 of 2nd period - Stopped by Samuel Ersson without a rebound.
10:42 of 2nd period - Casey Mittelstadt wins face-off versus Sam Carrick in Wolfpack zone.
11:07 of 2nd period - Nolan Patrick is hit by Christian Dvorak and loses puck.
11:50 of 2nd period - Slapshot by Adam Lowry.
11:50 of 2nd period - Stopped by Samuel Ersson with a rebound.
12:00 of 2nd period - Adam Lowry is hit by Casey Mittelstadt.
12:25 of 2nd period - Snap shot by Austin Wuthrich.
12:25 of 2nd period - Goal by Austin Wuthrich - Bears : 3 - Wolfpack : 3.
12:26 of 2nd period - Casey Mittelstadt wins face-off versus Christian Dvorak in neutral zone.
12:30 of 2nd period - Icing by Mikko Vainonen.
12:31 of 2nd period - Kerby Rychel wins face-off versus Casey Mittelstadt in Bears zone.
12:45 of 2nd period - Minor Penalty to Mikko Vainonen for Tripping.
12:46 of 2nd period - Casey Mittelstadt wins face-off versus Christian Dvorak in Bears zone.
13:13 of 2nd period - Derrick Pouliot is hit by Gianluca Curcuruto and loses puck.
13:40 of 2nd period - Christian Dvorak is hit by Casey Mittelstadt.
14:21 of 2nd period - Wrist shot by Nikolay Prokhorkin.
14:21 of 2nd period - Shot Misses the Net.
14:45 of 2nd period - Penalty to Mikko Vainonen is over, Mikko Vainonen is back on ice.
14:47 of 2nd period - Steven Santini is hit by Nicolas Aube-Kubel and loses puck.
15:00 of 2nd period - Steven Santini is hit by Gianluca Curcuruto and loses puck.
15:21 of 2nd period - Yegor Korshkov is hit by Adam Lowry and loses puck.
16:03 of 2nd period - Icing by K'Andre Miller.
16:04 of 2nd period - Vincent Dunn wins face-off versus Casey Mittelstadt in Wolfpack zone.
16:17 of 2nd period - Snap shot by Cole Smith.
16:17 of 2nd period - Stopped by Samuel Ersson without a rebound.
16:18 of 2nd period - Christian Dvorak wins face-off versus Nolan Patrick in Wolfpack zone.
16:33 of 2nd period - Snap shot by Nicolas Aube-Kubel.
16:33 of 2nd period - Shot Misses the Net.
16:56 of 2nd period - Wrist shot by Connor Chatam.
16:56 of 2nd period - Shot Blocked by Vincent Dunn.
17:06 of 2nd period - Snap shot by A.J. Jenks.
17:06 of 2nd period - Stopped by Samuel Ersson without a rebound.
17:07 of 2nd period - Sam Carrick wins face-off versus Ryan Poehling in Wolfpack zone.
17:55 of 2nd period - Colby Cave is hit by Alexander Barabanov and loses puck.
18:04 of 2nd period - Slapshot by Sebastian Collberg.
18:04 of 2nd period - Shot Misses the Net.
18:14 of 2nd period - Ryan Culkin is hit by Nicholas Caamano and loses puck.
19:01 of 2nd period - Slapshot by Nolan Patrick.
19:01 of 2nd period - Stopped by Jake Allen without a rebound.
19:02 of 2nd period - Christian Dvorak wins face-off versus Nolan Patrick in Bears zone.
19:11 of 2nd period - Snap shot by Kerby Rychel.
19:11 of 2nd period - Stopped by Samuel Ersson with a rebound.
19:48 of 2nd period - Off-side.
19:49 of 2nd period - Cole Smith wins face-off versus Ryan Poehling in neutral zone.
Goals for this period are 3 for Bears vs 1 for Wolfpack.
Shots for this period are 12 for Bears vs 9 for Wolfpack.
3rd period
0:01 of 3rd period - Christian Dvorak wins face-off versus Casey Mittelstadt in neutral zone.
0:09 of 3rd period - Off-side.
0:10 of 3rd period - Christian Dvorak wins face-off versus Casey Mittelstadt in neutral zone.
0:19 of 3rd period - Snap shot by Kerby Rychel.
0:19 of 3rd period - Stopped by Samuel Ersson with a rebound.
0:29 of 3rd period - Snap shot by Stefan Noesen.
0:29 of 3rd period - Shot Misses the Net.
0:31 of 3rd period - Wrist shot by Stefan Noesen.
0:31 of 3rd period - Shot Misses the Net.
0:50 of 3rd period - Off-side.
0:51 of 3rd period - Nolan Patrick wins face-off versus Sam Carrick in neutral zone.
0:59 of 3rd period - Slapshot by Sam Carrick.
0:59 of 3rd period - Stopped by Samuel Ersson without a rebound.
1:00 of 3rd period - Nolan Patrick wins face-off versus Sam Carrick in Wolfpack zone.
1:00 of 3rd period - Nolan Patrick is hit by Austin Wuthrich.
1:14 of 3rd period - Off-side.
1:15 of 3rd period - Christian Dvorak wins face-off versus Casey Mittelstadt in neutral zone.
1:17 of 3rd period - Mikko Vainonen is hit by Derrick Pouliot and loses puck.
2:24 of 3rd period - Off-side.
2:25 of 3rd period - Casey Mittelstadt wins face-off versus Christian Dvorak in neutral zone.
2:59 of 3rd period - Wrist shot by Sebastian Collberg.
2:59 of 3rd period - Shot Misses the Net.
4:35 of 3rd period - Dryden Hunt is hit by Vincent Dunn and loses puck.
4:54 of 3rd period - Snap shot by David Pope.
4:54 of 3rd period - Stopped by Jake Allen with a rebound.
5:00 of 3rd period - Stefan Noesen is hit by Colby Cave and loses puck.
5:43 of 3rd period - Snap shot by Sam Carrick.
5:43 of 3rd period - Stopped by Samuel Ersson without a rebound.
5:44 of 3rd period - Casey Mittelstadt wins face-off versus Vincent Dunn in Wolfpack zone.
6:22 of 3rd period - Wrist shot by A.J. Jenks.
6:22 of 3rd period - Shot Misses the Net.
6:34 of 3rd period - Snap shot by Nikolay Prokhorkin.
6:34 of 3rd period - Stopped by Samuel Ersson with a rebound.
6:40 of 3rd period - Slapshot by Jacob Bryson.
6:40 of 3rd period - Stopped by Samuel Ersson with a rebound.
6:42 of 3rd period - Slapshot by Jesper Pettersson.
6:42 of 3rd period - Deflect By Nikolay Prokhorkin.
6:42 of 3rd period - Stopped by Samuel Ersson with a rebound.
6:44 of 3rd period - Slapshot by Jacob Bryson.
6:44 of 3rd period - Shot Blocked by Derrick Pouliot.
7:34 of 3rd period - Icing by Nicholas Caamano.
7:35 of 3rd period - Cole Smith wins face-off versus Yegor Korshkov in Bears zone.
7:35 of 3rd period - Cole Smith is hit by Joshua Jacobs.
8:30 of 3rd period - Wrist shot by Connor Chatam.
8:30 of 3rd period - Stopped by Jake Allen without a rebound.
8:31 of 3rd period - Casey Mittelstadt wins face-off versus Christian Dvorak in Bears zone.
9:05 of 3rd period - Snap shot by Austin Wuthrich.
9:05 of 3rd period - Stopped by Samuel Ersson without a rebound.
9:06 of 3rd period - Casey Mittelstadt wins face-off versus Christian Dvorak in Wolfpack zone.
9:13 of 3rd period - Snap shot by David Pope.
9:13 of 3rd period - Shot Blocked by Mikko Vainonen.
9:15 of 3rd period - Snap shot by Casey Mittelstadt.
9:15 of 3rd period - Deflect By David Pope.
9:15 of 3rd period - Shot Misses the Net.
9:15 of 3rd period - Puck is out of play.
9:16 of 3rd period - David Pope wins face-off versus Christian Dvorak in Bears zone.
9:21 of 3rd period - Wrist shot by David Pope.
9:21 of 3rd period - Deflect By Stefan Noesen.
9:21 of 3rd period - Stopped by Jake Allen without a rebound.
9:22 of 3rd period - Christian Dvorak wins face-off versus Casey Mittelstadt in Bears zone.
9:22 of 3rd period - Mikko Vainonen is hit by Casey Mittelstadt and loses puck.
9:27 of 3rd period - Slapshot by Stefan Noesen.
9:27 of 3rd period - Shot Blocked by Mikko Vainonen.
9:29 of 3rd period - Slapshot by Stefan Noesen.
9:29 of 3rd period - Goal by Stefan Noesen - Bears : 3 - Wolfpack : 4.
9:30 of 3rd period - Casey Mittelstadt wins face-off versus Christian Dvorak in neutral zone.
9:30 of 3rd period - Casey Mittelstadt is hit by Nicolas Aube-Kubel.
9:46 of 3rd period - Slapshot by Stefan Noesen.
9:46 of 3rd period - Stopped by Jake Allen without a rebound.
9:47 of 3rd period - Sam Carrick wins face-off versus Nolan Patrick in Bears zone.
9:49 of 3rd period - Minor Penalty to A.J. Jenks for Cross-checking.
9:50 of 3rd period - Christian Dvorak wins face-off versus Casey Mittelstadt in Bears zone.
9:50 of 3rd period - Christian Dvorak is hit by Steven Santini.
10:05 of 3rd period - Snap shot by Steven Santini.
10:05 of 3rd period - Shot Misses the Net.
11:49 of 3rd period - Penalty to A.J. Jenks is over, A.J. Jenks is back on ice.
13:19 of 3rd period - Off-side.
13:20 of 3rd period - Casey Mittelstadt wins face-off versus Christian Dvorak in neutral zone.
13:31 of 3rd period - Wrist shot by Stefan Noesen.
13:31 of 3rd period - Shot Blocked by Gianluca Curcuruto.
13:33 of 3rd period - Snap shot by Stefan Noesen.
13:33 of 3rd period - Deflect By Casey Mittelstadt.
13:33 of 3rd period - Shot Misses the Net.
13:33 of 3rd period - Puck is out of play.
13:34 of 3rd period - Christian Dvorak wins face-off versus Casey Mittelstadt in Bears zone.
13:45 of 3rd period - Snap shot by Kerby Rychel.
13:45 of 3rd period - Stopped by Samuel Ersson without a rebound.
13:46 of 3rd period - Christian Dvorak wins face-off versus Casey Mittelstadt in Wolfpack zone.
13:56 of 3rd period - Wrist shot by Casey Mittelstadt.
13:56 of 3rd period - Shot Misses the Net.
16:19 of 3rd period - Snap shot by Connor Chatam.
16:19 of 3rd period - Shot Misses the Net.
16:21 of 3rd period - Snap shot by Connor Chatam.
16:21 of 3rd period - Stopped by Jake Allen without a rebound.
16:22 of 3rd period - Christian Dvorak wins face-off versus Casey Mittelstadt in Bears zone.
16:31 of 3rd period - David Pope is hit by Kerby Rychel and loses puck.
17:28 of 3rd period - Snap shot by Stefan Noesen.
17:28 of 3rd period - Stopped by Jake Allen with a rebound.
17:52 of 3rd period - Icing by Ryan Culkin.
17:53 of 3rd period - Sam Carrick wins face-off versus Ryan Poehling in Wolfpack zone.
18:00 of 3rd period - Snap shot by A.J. Jenks.
18:00 of 3rd period - Shot Misses the Net.
18:20 of 3rd period - Wrist shot by Nicolas Aube-Kubel.
18:20 of 3rd period - Shot Misses the Net.
18:22 of 3rd period - Snap shot by Kerby Rychel.
18:22 of 3rd period - Stopped by Samuel Ersson without a rebound.
18:23 of 3rd period - Mikhail Vorobyev wins face-off versus Christian Dvorak in Wolfpack zone.
18:32 of 3rd period - Wrist shot by Kerby Rychel.
18:32 of 3rd period - Shot Blocked by Colton White.
18:34 of 3rd period - Slapshot by Nicolas Aube-Kubel.
18:34 of 3rd period - Stopped by Samuel Ersson without a rebound.
18:35 of 3rd period - Christian Dvorak wins face-off versus Mikhail Vorobyev in Wolfpack zone.
18:46 of 3rd period - Bears, Jake Allen is pulled from the net.
19:09 of 3rd period - Slapshot by Kerby Rychel.
19:09 of 3rd period - Deflect By Nicolas Aube-Kubel.
19:09 of 3rd period - Shot Misses the Net.
19:09 of 3rd period - Puck is out of play.
19:10 of 3rd period - Gerard Gallant call a timeout for Bears.
19:10 of 3rd period - Christian Dvorak wins face-off versus Casey Mittelstadt in Wolfpack zone.
19:49 of 3rd period - Wrist shot by Christian Dvorak.
19:49 of 3rd period - Shot Misses the Net.
19:51 of 3rd period - Wrist shot by Kerby Rychel.
19:51 of 3rd period - Goal by Kerby Rychel - Bears : 4 - Wolfpack : 4.
19:51 of 3rd period - Jake Allen from Bears was sent back in the game.
19:52 of 3rd period - Kerby Rychel wins face-off versus Casey Mittelstadt in neutral zone.
Goals for this period are 1 for Bears vs 1 for Wolfpack.
Shots for this period are 11 for Bears vs 7 for Wolfpack.
Overtime #1
0:01 of 1st overtime period - Sam Carrick wins face-off versus Casey Mittelstadt in neutral zone.
0:51 of 1st overtime period - Sebastian Collberg is hit by Kerby Rychel and loses puck.
1:39 of 1st overtime period - Slapshot by Owen Tippet.
1:39 of 1st overtime period - Stopped by Jake Allen with a rebound.
1:41 of 1st overtime period - Snap shot by Owen Tippet.
1:41 of 1st overtime period - Stopped by Jake Allen without a rebound.
1:42 of 1st overtime period - Nolan Patrick wins face-off versus Christian Dvorak in Bears zone.
1:51 of 1st overtime period - Wrist shot by Sebastian Collberg.
1:51 of 1st overtime period - Stopped by Jake Allen without a rebound.
1:52 of 1st overtime period - Alexander Barabanov wins face-off versus Christian Dvorak in Bears zone.
1:53 of 1st overtime period - Slapshot by Nolan Patrick.
1:53 of 1st overtime period - Shot Blocked by Tommy Vannelli.
1:55 of 1st overtime period - Snap shot by Alexander Barabanov.
1:55 of 1st overtime period - Shot Misses the Net.
1:57 of 1st overtime period - Wrist shot by Sebastian Collberg.
1:57 of 1st overtime period - Shot Blocked by Ryan Graves.
1:59 of 1st overtime period - Snap shot by Nolan Patrick.
1:59 of 1st overtime period - Shot Misses the Net.
2:01 of 1st overtime period - Wrist shot by Alexander Barabanov.
2:01 of 1st overtime period - Stopped by Jake Allen with a rebound.
2:03 of 1st overtime period - Snap shot by Nolan Patrick.
2:03 of 1st overtime period - Shot Misses the Net.
2:05 of 1st overtime period - Snap shot by Nolan Patrick.
2:05 of 1st overtime period - Shot Blocked by Kerby Rychel.
2:07 of 1st overtime period - Snap shot by Sebastian Collberg.
2:07 of 1st overtime period - Shot Misses the Net.
2:09 of 1st overtime period - Snap shot by Steven Santini.
2:09 of 1st overtime period - Stopped by Jake Allen with a rebound.
2:11 of 1st overtime period - Snap shot by Steven Santini.
2:11 of 1st overtime period - Deflect By Sebastian Collberg.
2:11 of 1st overtime period - Stopped by Jake Allen without a rebound.
2:12 of 1st overtime period - Casey Mittelstadt wins face-off versus Sam Carrick in Bears zone.
2:19 of 1st overtime period - Snap shot by Austin Wuthrich.
2:19 of 1st overtime period - Stopped by Samuel Ersson without a rebound.
2:20 of 1st overtime period - David Pope wins face-off versus Sam Carrick in Wolfpack zone.
2:41 of 1st overtime period - Snap shot by Sam Carrick.
2:41 of 1st overtime period - Shot Misses the Net.
2:43 of 1st overtime period - Wrist shot by Austin Wuthrich.
2:43 of 1st overtime period - Shot Misses the Net.
2:45 of 1st overtime period - Wrist shot by Sam Carrick.
2:45 of 1st overtime period - Shot Misses the Net.
2:47 of 1st overtime period - Snap shot by Austin Wuthrich.
2:47 of 1st overtime period - Goal by Austin Wuthrich - Bears : 5 - Wolfpack : 4.
Goals for this period are 1 for Bears vs 0 for Wolfpack.
Shots for this period are 2 for Bears vs 6 for Wolfpack.